 Dungeon Crawl Stone Soup version 0.20.1-1-g8b1a95d (webtiles) character file.

684 Coffe1991 the Ducker (level 7, -1/50 HPs)
             Began as an Octopode Berserker on Nov 9, 2017.
             Was a Priest of Trog.
             Slain by a sky beast (5 damage)
             ... on level 5 of the Dungeon.
             The game lasted 00:13:17 (3636 turns).

Coffe1991 the Ducker (Octopode Berserker)           Turns: 3636, Time: 00:13:18

Health: -1/50      AC:  1    Str: 17    XL:     7   Next: 62%
Magic:  7/7        EV: 22    Int:  9    God:    Trog [***...]
Gold:   232        SH:  0    Dex: 18    Spells: 6/6 levels left

rFire    . . .     SeeInvis .   t - +1 mace (holy)
rCold    . . .     Gourm    .   (no shield)
rNeg     + . .     Faith    .   (helmet restricted)
rPois    .         Spirit   .   (no amulet)
rElec    .         Reflect  .   h - ring of wizardry
rCorr    .         Harm     .   c - ring of positive energy
MR       ++...                  (no ring)
Stlth    ++++......             (no ring)
Regen    1.2/turn               (no ring)
MPRegen  0.1/turn               (no ring)
                                (no ring)
                                (no ring)

@: agile, regenerating
A: almost no armour, stealthy swim, amphibious, 8 rings, constrict 8, camouflage
1, gelatinous body 1
a: Berserk, Trog's Hand, Burn Spellbooks, Renounce Religion


You were on level 5 of the Dungeon.
You worshipped Trog.
Trog was most pleased with you.
You were not hungry.

You visited 1 branch of the dungeon, and saw 5 of its levels.

You collected 232 gold pieces.

Inventory:

Hand Weapons
 t - a +1 mace of holy wrath (weapon)
Missiles
 m - 108 stones
 o - 5 javelins (quivered)
 s - 3 tomahawks
Jewellery
 c - a ring of positive energy (right tentacle)
 h - a ring of wizardry (left tentacle)
 v - an uncursed ring of protection from fire {unknown}
Scrolls
 e - 3 scrolls of teleportation
 i - 3 scrolls of remove curse
 j - 2 scrolls of magic mapping
 u - a scroll of fear {unknown}
Potions
 a - a potion of mutation {unknown}
 d - a potion of brilliance {unknown}
 k - a potion of agility
 l - 2 potions of magic
 p - a potion of resistance
Books
 x - a book of Changes

   Spells                             Type                      Level
   a - Beastly Appendage              Transmutation                1
   b - Sticks to Snakes               Transmutation                2
   c - Spider Form                    Transmutation/Poison         3
   d - Ice Form                       Ice/Transmutation            4
   e - Blade Hands                    Transmutation                5
   Trog disapproves of the use of such an item.
Comestibles
 b - 4 bread rations
 f - 4 meat rations
 g - 4 fruits
 n - a chunk of flesh
 r - a royal jelly


   Skills:
 + Level 5.4 Fighting
 + Level 5.3 Maces & Flails
 + Level 5.7 Dodging


You had 6 spell levels left.
You didn't know any spells.

Dungeon Overview and Level Annotations

Branches:
Dungeon (5/15)
 Temple: D:4-7

Altars:
Sif Muna
Vehumet
Xom


Innate Abilities, Weirdness & Mutations

You cannot wear most types of armour.
You are very stealthy in the water. (Stealth+)
You are amphibious.
You can wear up to eight rings at the same time.
You can use your tentacles to constrict eight enemies at once.
Your skin changes colour to match your surroundings (Stealth+).
Your rubbery body absorbs attacks. (AC +1, EV +1)


Message History

Something barely misses you.
You miss something. Something hits you.
* * * LOW HITPOINT WARNING * * *
Something shocks you.
* * * LOW HITPOINT WARNING * * *
You barely miss something. Something completely misses you.
Something barely misses you.
You barely miss something.
You feel the effects of Trog's Hand fading.
Something barely misses you.
You miss something. Your squeeze misses something. Something hits you.
* * * LOW HITPOINT WARNING * * *
Something shocks you.
* * * LOW HITPOINT WARNING * * *
You feel agile all of a sudden. Something misses you.
You closely miss something. Your squeeze misses something. Something hits you.
* * * LOW HITPOINT WARNING * * *
Something shocks you.
You die...

..# *#.#........#
..# *,,#........#
..# *,*#........#
..# *,*##.....#.#
#.# *,* ##....#.#
#.# *,* ####.#.# #.#
*,# #.#.# #.######.#
#.#.# #........#
#@#,*
.........###***#{#,*
.)>..<.......,,...,*
########.........##*
*##########


There were no monsters in sight!

Vanquished Creatures
  A water moccasin (D:5)
  An ogre (D:3)
  A phantom (D:5)
  3 hounds (D:5)
  A bullfrog zombie (D:5)
  An orc priest (D:3)
  A worker ant (D:5)
  Natasha (D:4)
  An iguana (D:4)
  8 adders
  2 oozes
  An adder zombie (D:5)
  An adder skeleton (D:5)
  A dart slug (D:1)
  8 leopard geckos
  12 orcs
  2 giant cockroaches
  7 hobgoblins
  5 jackals (D:5)
  6 quokkas
  2 ball pythons (D:2)
  8 bats
  8 frilled lizards
  3 goblins
  A jackal skeleton (D:5)
  3 kobolds
  9 rats
98 creatures vanquished.

Vanquished Creatures (others)
  2 killer bees (D:5)
2 creatures vanquished.

Grand Total: 100 creatures vanquished

Notes
Turn   | Place    | Note
-------+----------+-------------------------------------------
     0 | D:1      | Coffe1991 the Octopode Berserker began the quest for the Orb.
     0 | D:1      | Reached XP level 1. HP: 16/16 MP: 1/1
    99 | D:1      | Reached XP level 2. HP: 21/21 MP: 2/2
   517 | D:1      | Reached XP level 3. HP: 11/26 MP: 3/3
   791 | D:2      | Found a radiant altar of Vehumet.
  1174 | D:2      | Found a deep blue altar of Sif Muna.
  1252 | D:2      | Reached ** piety under Trog
  1331 | D:3      | Noticed an ogre
  1341 | D:2      | Reached XP level 4. HP: 31/32 MP: 4/4
  1623 | D:3      | Reached XP level 5. HP: 34/37 MP: 5/5
  1646 | D:3      | Killed an ogre
  1951 | D:3      | Reached XP level 6. HP: 30/44 MP: 6/6
  2484 | D:4      | Noticed Natasha
  2492 | D:4      | Killed Natasha
  2809 | D:5      | Entered Level 5 of the Dungeon
  2833 | D:5      | Found a shimmering altar of Xom.
  2849 | D:5      | Reached skill level 5 in Dodging
  2998 | D:5      | Reached XP level 7. HP: 44/49 MP: 7/7
  3067 | D:5      | Reached *** piety under Trog
  3233 | D:5      | Reached skill level 5 in Fighting
  3233 | D:5      | Reached skill level 5 in Maces & Flails
  3636 | D:5      | Slain by a sky beast

Skill      XL: |  1  2  3  4  5  6  7 |
---------------+----------------------+-----
Dodging        | 4 5 |  5.7
Maces & Flails | 4 5 |  5.3
Fighting       | 4 5 |  5.4

Action                   |  1- 3 |  4- 6 |  7- 9 || total
-------------------------+-------+-------+-------++-------
Melee: Mace              |    65 |    99 |    42 ||   206
       Constrict         |    16 |    29 |     9 ||    54
       Tentacles         |    14 |    23 |    13 ||    50
Invok: Berserk           |       |     2 |       ||     2
       Trog's Hand       |       |     2 |     1 ||     3
  Use: Scroll            |       |    12 |       ||    12
       Potion            |       |     3 |     2 ||     5
 Stab: Sleeping          |     6 |     3 |     4 ||    13
  Eat: Chunk             |     1 |     7 |     2 ||    10
       Fruit             |       |     2 |       ||     2
Armor: Skin              |     5 |    11 |       ||    16
Dodge: Dodged            |    40 |   107 |    25 ||   172
